 Dungeon Crawl Stone Soup version 0.30.1-11-g7821555f0a (webtiles) character file.

Game seed: 17785851696158557918

637047 Peloso the Minotaur Barricade (level 26, -7/239 HPs)
             Began as a Minotaur Fighter on Dec 24, 2023.
             Was the Champion of Okawaru.
             Killed from afar by a Brimstone Fiend (53 damage)
             ... with damnation
             ... on level 12 of a ziggurat.
             The game lasted 04:02:53 (85051 turns).

Peloso the Minotaur Barricade (Minotaur Fighter)   Turns: 85051, Time: 04:02:54

Health: -7/239     AC: 47    Str: 37    XL:     26   Next: 95%
Magic:  34/34      EV: 11    Int:  7    God:    Okawaru [******]
Gold:   4966       SH: 38    Dex: 24    Spells: 25/25 levels left

rFire   + + .        a - +9 double sword (heavy)
rCold   + + +        d - +5 tower shield "Luj Zef" {rF+ rC+++ Will- Stlth-}
rNeg    + + +        A - +9 scales of the Dragon King {rPois rF+ rC+ Will+}
rPois   +            R - +3 crown of Dyrovepreva {rElec Int+2 SInv}
rElec   +            U - +1 cloak of the Shining Light {rN+ rCorr Int-4}
rCorr   +            L - +0 pair of gloves of the Game of Kings {rElec rPois}
SInv    +            V - +1 pair of boots of Okawaru's Anger {rN+}
Will    ++...        M - amulet "Zosafoda" {Reflect Str+4 SH+5} Stlth
                     v - ring "Cunkits" {Int+6 Dex+4 Slay+5}
HPRegen 0.59/turn    y - ring "Jieczutwi" {rN+ Will+ Dex+4}
MPRegen 0.24/turn

%: reflection, clarity
@: weakened, hasted, studying 3 skills, very quick
A: horns 2, retaliatory headbutt, clarity, frail 1, mutation resistance 1,
strong 2, sturdy frame 1
}: 4/15 runes: decaying, serpentine, slimy, silver
a: Renounce Religion, Heroism, Finesse, Duel


You were on level 12 of a ziggurat.
You worshipped Okawaru.
Okawaru was exalted by your worship.
You visited 12 branches of the dungeon, and saw 52 of its levels.
You visited 1 ziggurat, and saw 12 of its levels.
You also visited: Trove, Ice Cave, Volcano and Wizlab.

You collected 9385 gold pieces.
You spent 4419 gold pieces at shops.

Inventory:

Hand Weapons
 a - a +9 heavy double sword (weapon)
 b - the +2 Maxwell's thermic engine {flame, freeze, rev}
   (You found it in a wizard's laboratory)
 c - a +8 double sword of flaming
Armour
 d - the +5 tower shield "Luj Zef" (worn) {rF+ rC+++ Will- Stlth-}
   (You bought it in a shop on level 2 of the Orcish Mines)

   rF:        It protects you from fire.
   rC:        It renders you almost immune to cold.
   Will:      It decreases your willpower.
   Stlth:     It makes you less stealthy.
 A - the +9 scales of the Dragon King (worn) {rPois rF+ rC+ Will+}
   (You bought it in a shop on level 1 of the Snake Pit)

   rF:        It protects you from fire.
   rC:        It protects you from cold.
   rPois:     It protects you from poison.
   Will:      It increases your willpower.
 L - the +0 pair of gloves of the Game of Kings (worn) {rElec rPois}
   (Okawaru gifted it to you on level 11 of the Dungeon)

   rElec:     It insulates you from electricity.
   rPois:     It protects you from poison.
 R - the +3 crown of Dyrovepreva (worn) {rElec Int+2 SInv}
   (You found it on level 3 of the Depths)

   Int:       It affects your intelligence (+2).
   rElec:     It insulates you from electricity.
   SInv:      It lets you see invisible.
 U - the +1 cloak of the Shining Light (worn) {rN+ rCorr Int-4}
   (Okawaru gifted it to you on level 5 of the Lair of Beasts)

   Int:       It affects your intelligence (-4).
   rN:        It protects you from negative energy.
   rCorr:     It protects you from acid and corrosion.
 V - the +1 pair of boots of Okawaru's Anger (worn) {rN+}
   (Okawaru gifted it to you on level 2 of the Crypt)

   rN:        It protects you from negative energy.
Jewellery
 k - the ring "Iptobrama" {Fly Str+2}
   (You took it off a centaur warrior on level 10 of the Dungeon)

   [ring of flight]

   Str:       It affects your strength (+2).
   Fly:       It grants you flight.
 v - the ring "Cunkits" (left hand) {Int+6 Dex+4 Slay+5}
   (You found it in a treasure trove)

   [ring of intelligence]

   Int:       It affects your intelligence (+6).
   Dex:       It affects your dexterity (+4).
   Slay:      It affects your accuracy & damage with ranged weapons and melee
   (+5).
 w - the ring "Diuhileu" {rPois Will+ Int+2 SInv}
   (You found it on level 14 of the Dungeon)

   [ring of poison resistance]

   Int:       It affects your intelligence (+2).
   rPois:     It protects you from poison.
   SInv:      It lets you see invisible.
   Will:      It increases your willpower.
 y - the ring "Jieczutwi" (right hand) {rN+ Will+ Dex+4}
   (You found it on level 14 of the Dungeon)

   [ring of positive energy]

   Dex:       It affects your dexterity (+4).
   rN:        It protects you from negative energy.
   Will:      It increases your willpower.
 D - the amulet "Taostrayl" {Reflect rF- Dex+3 SH+5}
   (You found it on level 10 of a ziggurat)

   [amulet of reflection]

   It reflects blocked missile attacks.
   Dex:       It affects your dexterity (+3).
   rF:        It makes you vulnerable to fire.
   SH:        It affects your SH (+5).
 I - the ring of Fedhas's Approval {rElec rC+ rCorr}
   (You found it on level 11 of a ziggurat)

   [ring of resist corrosion]

   rC:        It protects you from cold.
   rElec:     It insulates you from electricity.
   rCorr:     It protects you from acid and corrosion.
 M - the amulet "Zosafoda" (around neck) {Reflect Str+4 SH+5}
   (You took it off a deep elf demonologist on level 3 of the Elven Halls)

   [amulet of reflection]

   It reflects blocked missile attacks.
   Str:       It affects your strength (+4).
   SH:        It affects your SH (+5).
 N - the ring "Toatemoi" {+Blink rC+ Int+2}
   (You found it on level 11 of a ziggurat)

   [ring of protection from cold]

   Int:       It affects your intelligence (+2).
   rC:        It protects you from cold.
   +Blink:    It lets you blink.
 P - an amulet of magic regeneration
 Q - an amulet of regeneration
 S - a ring of protection from fire
Wands
 f - a wand of mindburst (19)
 m - a wand of digging (18)
 p - a wand of polymorph (12)
 q - a wand of flame (16)
 z - a wand of paralysis (21)
 J - a wand of iceblast (12)
 K - a wand of light (8)
Scrolls
 e - 8 scrolls of immolation
 h - 23 scrolls of teleportation
 i - 9 scrolls of identify
 j - 4 scrolls of fear
 l - 3 scrolls of amnesia
 n - 6 scrolls of magic mapping
 o - a scroll of fog
 F - 9 scrolls of poison
 G - 2 scrolls of silence
 H - a scroll of butterflies
 O - 3 scrolls of enchant armour
 X - 11 scrolls of blinking
Potions
 g - 14 potions of might
 r - 5 potions of invisibility
 s - 10 potions of haste
 t - 12 potions of curing
 u - 5 potions of mutation
 x - 12 potions of flight
 B - 7 potions of berserk rage
 E - 9 potions of resistance


   Skills:
 O Level 27 Fighting
 O Level 27 Long Blades
 O Level 27 Armour
 + Level 3.0 Dodging
 + Level 4.9 Stealth
 O Level 27 Shields
 + Level 16.9 Invocations
 + Level 11.6 Evocations


You had 25 spell levels left.
You didn't know any spells.
Your spell library contained the following spells:

 Spells                   Type           Power      Damage    Failure   Level
 Beastly Appendage        Tmut           0%         N/A       82%         1
 Freeze                   Ice            0%         1d3       82%         1
 Magic Dart               Conj           0%         1d3       82%         1
 Necrotise                Necr           0%         1d4       82%         1
 Sandblast                Erth           0%         2d4       82%         1
 Shock                    Conj/Air       0%         1d3       82%         1
 Slow                     Hex            0%         N/A       82%         1
 Sting                    Tmut/Pois      0%         1d3       82%         1
 Blink                    Tloc           0%         N/A       91%         2
 Cigotuvi's Dreadful Rot  Necr/Pois/Air  0%         N/A       91%         2
 Ensorcelled Hibernation  Hex/Ice        0%         N/A       91%         2
 Lesser Beckoning         Tloc           0%         N/A       91%         2
 Momentum Strike          Conj/Tloc      0%         3d8       91%         2
 Poisonous Vapours        Pois/Air       0%         N/A       91%         2
 Searing Ray              Conj           0%         2d4       91%         2
 Static Discharge         Conj/Air       0%         2-2/arc   91%         2
 Sublimation of Blood     Necr           0%         N/A       91%         2
 Wereblood                Tmut           0%         N/A       91%         2
 Confusing Touch          Hex            0%         N/A       99%         3
 Dazzling Flash           Conj/Hex       0%         N/A       99%         3
 Frozen Ramparts          Ice            0%         1d1       99%         3
 Gell's Gravitas          Tloc           0%         N/A       99%         3
 Hailstorm                Conj/Ice       0%         3d3       99%         3
 Ignite Poison            Fire/Tmut/Pois 0%         N/A       99%         3
 Inner Flame              Hex/Fire       0%         N/A       99%         3
 Mephitic Cloud           Conj/Pois/Air  0%         N/A       99%         3
 Portal Projectile        Hex/Tloc       0%         N/A       99%         3
 Spider Form              Tmut/Pois      0%         N/A       99%         3
 Stone Arrow              Conj/Erth      0%         3d7       99%         3
 Swiftness                Air            0%         N/A       99%         3
 Teleport Other           Tloc           0%         N/A       99%         3
 Vampiric Draining        Necr           0%         2d6       99%         3
 Vhi's Electric Charge    Tloc/Air       0%         N/A       99%         3
 Volatile Blastmotes      Fire/Tloc      0%         2d10      99%         3
 Airstrike                Air            0%         2d(0-16)  100%        4
 Anguish                  Hex/Necr       0%         N/A       100%        4
 Cause Fear               Hex            0%         N/A       100%        4
 Dispel Undead            Necr           0%         3d6       100%        4
 Flame Wave               Conj/Fire      0%         2d4       100%        4
 Iskenderun's Mystic Bla  Conj/Tloc      0%         2d3       100%        4
 Leda's Liquefaction      Hex/Erth       0%         N/A       100%        4
 Manifold Assault         Tloc           0%         N/A       100%        4
 Olgreb's Toxic Radiance  Pois           0%         N/A       100%        4
 Passage of Golubria      Tloc           0%         N/A       100%        4
 Petrify                  Tmut/Erth      0%         N/A       100%        4
 Sticky Flame             Conj/Fire      0%         2d3       100%        4
 Agony                    Necr           0%         N/A       100%        5
 Alistair's Intoxication  Tmut/Pois      0%         N/A       100%        5
 Arcjolt                  Conj/Air       0%         1d10      100%        5
 Blade Hands              Tmut           0%         N/A       100%        5
 Borgnjor's Vile Clutch   Necr/Erth      0%         N/A       100%        5
 Irradiate                Conj/Tmut      0%         3d11      100%        5
 Metabolic Englaciation   Hex/Ice        0%         N/A       100%        5
 Silence                  Hex/Air        0%         N/A       100%        5
 Yara's Violent Unravell  Hex/Tmut       0%         3d3       100%        5
 Dispersal                Tloc           0%         N/A       100%        6
 Eringya's Noxious Bog    Tmut/Pois      0%         N/A       100%        6
 Iron Shot                Conj/Erth      0%         9d1       100%        6
 Plasma Beam              Fire/Air       0%         2x1d11    100%        6
 Starburst                Conj/Fire      0%         6d3       100%        6
 Statue Form              Tmut/Erth      0%         N/A       100%        6
 Dragon Form              Tmut           0%         N/A       100%        7
 Enfeeble                 Hex            0%         N/A       100%        7
 Storm Form               Tmut/Air       0%         N/A       100%        7
 Borgnjor's Revivificati  Necr           0%         N/A       100%        8
 Disjunction              Tloc           0%         N/A       100%        8
 Ignition                 Fire           0%         3d3       100%        8
 Lehudib's Crystal Spear  Conj/Erth      0%         10d2      100%        8
 Necromutation            Tmut/Necr      0%         N/A       100%        8
 Chain Lightning          Conj/Air       0%         N/A       100%        9
 Death's Door             Necr           0%         N/A       100%        9
 Fire Storm               Conj/Fire      0%         5d1       100%        9
 Shatter                  Erth           0%         3d5*      100%        9
 Summon Small Mammal      Summ           Unusable   N/A       N/A         1
 Call Imp                 Summ           Unusable   N/A       N/A         2
 Call Canine Familiar     Summ           Unusable   N/A       N/A         3
 Tukima's Dance           Hex            Unusable   N/A       N/A         3
 Animate Armour           Summ/Erth      Unusable   N/A       N/A         4
 Animate Dead             Necr           Unusable   N/A       N/A         4
 Death Channel            Necr           Unusable   N/A       N/A         6
 Haunt                    Necr/Summ      Unusable   N/A       N/A         7
 Summon Hydra             Summ           Unusable   N/A       N/A         7

Dungeon Overview and Level Annotations

Branches:
Dungeon (15/15)            Temple (1/1) D:7            Lair (5/5) D:10
  Swamp (4/4) Lair:2        Snake (4/4) Lair:2        Slime (5/5) Lair:4
    Orc (2/2) D:11            Elf (3/3) Orc:2        Vaults (5/5) D:13
  Crypt (3/3) Vaults:3       Tomb (1/3) Crypt:3      Depths (4/4) D:15
    Zot (0/5) Depths:4      IceCv (visited)         Volcano (visited)
 WizLab (visited)

Altars:
Ashenzari
Cheibriados
Dithmenos
Elyvilon
Fedhas
Gozag
Hepliaklqana
Kikubaaqudgha
Makhleb
Nemelex Xobeh
Okawaru
Qazlal
Ru
Sif Muna
Trog
Uskayaw
Vehumet
Wu Jian
Xom
Yredelemnul
Zin
The Shining One
Jiyva
Lugonu

Shops:
D:5 *   D:8 [   D:14 *   Orc:2 =*[(   Snake:1 ([=[[![   Snake:2 *   Snake:3 !
Snake:4 =   Vaults:2 !   Vaults:3 *   Vaults:5 *   Depths:4 [

Portals:
Hell: Depths:1 Depths:2 Depths:3 Depths:4
Abyss: Depths:1 Depths:3
Pandemonium: Depths:2

Annotations:
D:12 - Dig
D:14 - Casa


Innate Abilities, Weirdness & Mutations

You have a pair of horns on your head.
You reflexively headbutt those who attack you in melee.
You possess an exceptional clarity of mind.
You are frail. (-10% HP)
You are somewhat resistant to further mutation.
Your muscles are very strong. (Str +8, Int/Dex -2)
Your movements are slightly less encumbered by armour. (ER -2)


Message History

* * * LOW HITPOINT WARNING * * *
You block the searing wretch's attack. The searing wretch closely misses you.
You block the searing wretch's attack.
The hell hog is engulfed in poison gas.
The hell hog looks as sick as possible!
You cut the searing wretch into ribbons!!!
Your headbutt misses the searing wretch.
The searing wretch is severely damaged.
The hell hog is engulfed in poison gas.
The hell hog looks as sick as possible!
The salamander tyrant gazes fiercely through you!
You feel as though you will be weak longer.
The balrug gestures at you.
The fireball explodes!
The fireball engulfs you. You resist.
* * * LOW HITPOINT WARNING * * *
The fireball engulfs the searing wretch.
The searing wretch completely resists.
The fireball engulfs the balrug.
The balrug completely resists.
The fireball engulfs the Brimstone Fiend.
The Brimstone Fiend completely resists.
You block the Brimstone Fiend's attack. x3
The searing wretch claws you but does no damage. x2
You block the searing wretch's attack.
Blink to where?
Press: ? - help, Dir - move target
As you read the scroll of blinking, it crumbles to dust.
Unknown command.
You feel much better. The Brimstone Fiend gestures at you.
The sphere of damnation explodes!
The damnation engulfs you!!
* * * LOW HITPOINT WARNING * * *
Unknown command.
You feel better. The Brimstone Fiend gestures at you.
The sphere of damnation explodes!
The damnation engulfs you!!
* * * LOW HITPOINT WARNING * * *
Unknown command.
You feel better.
You feel better.
You feel better. The Brimstone Fiend gestures at you.
The sphere of damnation explodes!
The damnation engulfs you!!!
You die...

▓▓▓▓▓ .....▓
......▓ .......▓▓
.........▓▓
...........▓▓
/?....°.°○○..°○.▓▓
!$....☼○2.°°○@☼∩.▓
$..2..☼.○L...○°.▓▓
?..N..NL.112...▓▓
?..L2.h☼°°..☼.▓▓
...nh2nhnn.○☼▓▓
▓....h).☼○°.▓▓
▓.....n☼.☼▓▓
▓▓▓▓▓▓▓▓▓▓▓


You could see 4 searing wretches, 2 Brimstone Fiends, 2 stokers, 2 balrugs, a
salamander tyrant and 2 hell hogs.

Vanquished Creatures
  the Royal Jelly (Slime:5)
  3 ancient liches
  2 dread liches
  Mennas (Crypt:3)
  A juggernaut (Zig:5)
  Boris (4 times) (Vaults:4 Crypt:2 Tomb:1 Depths:2)
  The ghost of Osipn the Impregnable, a veteran MiGl of Hepliaklqana (Crypt:1)
  the Lernaean hydra (Swamp:4)
  Xtahua (Vaults:3)
  The ghost of Oloos the Warrior, an adept DrTm of Okawaru (Depths:2)
  Frederick (Vaults:4)
  Vashnia (Snake:2)
  A caustic shrike (Depths:2)
  4 golden dragons
  the Enchantress (Depths:3)
  Nikola (Vaults:1)
  A profane servitor (Depths:1)
  2 bone dragons (Crypt:3)
  2 electric golems
  3 pearl dragons (Zig:8)
  3 doom hounds (Crypt:3)
  A Brimstone Fiend (Zig:12)
  Jorgrun (Swamp:1)
  A walking crystal tome (Depths:2)
  Zenata (Vaults:3)
  8 tentacled monstrosities
  Asterion (Vaults:3)
  10 liches
  Mlioglotl (Swamp:2)
  A deep elf blademaster (Elf:3)
  12 titans
  17 acid blobs
  Grunn (Crypt:3)
  A deep elf master archer (Elf:3)
  3 quicksilver dragons
  7 storm dragons
  12 ancient champions
  2 thorn hunters
  8 sphinxes
  6 shadow dragons
  Roxanne (Swamp:1)
  4 tengu reavers
  4 nagarajas
  Kirke (Lair:5)
  2 fenstrider witches
  Donald (Elf:3)
  2 revenants
  11 rockslimes
  2 daevas (Zig:8)
  7 azure jellies
  3 emperor scorpions
  9 fire giants
  12 frost giants
  An iron dragon (Depths:2)
  A fire giant (shapeshifter) (D:14)
  20 vault wardens
  3 curse skulls
  A caustic shrike zombie (Crypt:1)
  11 deep elf sorcerers
  3 ghost moths
  Louise (Snake:2)
  2 balrugs
  2 angels (Zig:8)
  A draconian shifter (Depths:4)
  5 deep elf elementalists
  Aizul (Snake:1)
  A juggernaut zombie (Crypt:1)
  21 ironbound preservers
  43 very ugly things
  A draconian stormcaller (Depths:4)
  5 ghouls
  3 quicksilver oozes
  7 war gargoyles
  4 reapers
  6 orc warlords
  5 spriggan defenders
  A caustic shrike skeleton (Crypt:3)
  9 vampire knights
  A demonspawn black sun (D:13)
  Nessos (D:13)
  2 green draconians (Depths:4)
  15 stone giants
  12 ironbound thunderhulks
  6 eleionomae
  An ophan (Zig:8)
  8 deep elf demonologists
  A red draconian (Volcano)
  9 spark wasps
  8 dire elephants
  7 bunyips
  11 deep elf annihilators
  Azrael (D:14)
  2 purple draconians (Depths:4)
  A white draconian (Depths:4)
  The ghost of mihai the Blocker, a journeyman MiFi of the Shining One (D:12)
  2 yellow draconians (Depths:4)
  3 deep elf death magi
  2 pearl dragon zombies (Depths:1)
  7 jiangshi
  5 eidola
  Snorg (D:13)
  2 mummy priests
  A shambling mangrove (Depths:3)
  5 great orbs of eyes
  3 crystal guardians
  3 entropy weavers
  6 fire dragons
  A great orb of eyes (shapeshifter) (Vaults:5)
  5 deep elf high priests
  9 yaktaur captains
  12 ettins
  2 caustic shrike simulacra (IceCv)
  A quicksilver dragon skeleton (Crypt:2)
  2 spriggan skeletons
  2 ghost crabs
  17 hydras
  3 ogre magi
  7 rakshasas
  10 ice dragons
  Harold (D:10)
  11 salamander tyrants
  48 vault guards
  3 catoblepae
  13 peacekeepers
  A jorogumo (Zig:7)
  A hell beast (Depths:3)
  7 spriggan air magi
  A fenstrider witch skeleton (Crypt:3)
  9 boulder beetles
  11 anacondas
  9 ironbound frosthearts
  9 alligators
  17 centaur warriors
  27 dancing weapons
  A two-headed ogre (shapeshifter) (D:15)
  6 death yaks
  7 deep troll shamans
  20 naga warriors
  2 death knights
  6 tengu warriors
  7 two-headed ogres
  A titan zombie (Depths:2)
  12 deep troll earth magi
  7 hell hogs
  3 orc high priests (Orc:2)
  Urug (Orc:2)
  9 vampire magi
  12 shock serpents
  12 naga sharpshooters
  12 spriggan berserkers
  A thrashing horror (D:14)
  7 sun demons
  29 hell knights
  A skyshark (Lair:3)
  2 soul eaters
  61 skeletal warriors
  Sonja (Lair:3)
  15 deep elf knights
  15 iron trolls
  3 salamander mystics
  A pharaoh ant (Zig:4)
  A sun moth (Zig:4)
  A titan skeleton (Crypt:3)
  2 cherubim (Zig:8)
  4 goliath frogs
  4 spriggan druids
  3 shadow wraiths
  65 deep trolls
  5 glowing orange brains
  3 flayed ghosts
  4 bunyip skeletons (Crypt:3)
  An orb spider (Zig:7)
  9 wizards
  Pikel (D:4)
  9 bog bodies
  9 orc knights
  2 obsidian statues (IceCv)
  21 ironbound convokers
  10 naga ritualists
  16 deep elf archers
  2 lindwurms (shapeshifter)
  A steelbarb worm (shapeshifter) (Vaults:5)
  11 necromancers
  13 phantasmal warriors
  28 deep elf zephyrmancers
  7 swamp dragons
  2 frost giant zombies
  2 anaconda skeletons (Crypt:3)
  A mana viper (shapeshifter) (Depths:2)
  2 lindwurms
  29 deep elf pyromancers
  5 large abominations
  3 will-o-the-wisps
  A steelbarb worm (Zig:7)
  5 harpies (Vaults:2)
  43 ugly things
  5 orc sorcerers
  26 salamanders
  11 mana vipers
  2 tengu skeletons
  A fire giant zombie (Crypt:3)
  2 iron dragon skeletons
  6 shining eyes
  6 cyclopes
  An iron dragon zombie (Depths:1)
  A moth of wrath (Zig:7)
  3 manticores
  A stone giant skeleton (Crypt:3)
  21 elephants
  2 elephants (shapeshifter)
  A dire elephant zombie (Crypt:3)
  40 black mambas
  22 naga magi
  16 vault sentinels
  A frost giant skeleton (Depths:1)
  A naga zombie (Crypt:1)
  A smoke demon (Depths:3)
  Joseph (D:8)
  A shock serpent zombie (Crypt:2)
  A guardian serpent (shapeshifter) (Vaults:5)
  An eye of devastation (shapeshifter) (Zig:9)
  4 torpor snails
  4 apis skeletons (Depths:1)
  A storm dragon simulacrum (Depths:2)
  3 eyes of devastation
  An alligator snapping turtle zombie (Crypt:2)
  5 centaur zombies (D:10)
  11 guardian serpents
  A naga skeleton (Crypt:3)
  6 molten gargoyles
  A centaur skeleton (Crypt:3)
  5 gargoyles
  The ghost of vvlvvlvvl the Chopper, a novice DsBe of Trog (D:5)
  An elephant slug zombie (Crypt:1)
  2 unseen horror zombies (D:10)
  2 dire elephant skeletons
  2 alligator snapping turtle skeletons
  12 cane toads
  A death yak zombie (Crypt:3)
  2 efreet
  An unseen horror (D:14)
  5 spriggan zombies
  2 kobold demonologists (D:11)
  12 freezing wraiths
  7 komodo dragons
  A grey draconian skeleton (Crypt:2)
  5 guardian mummies
  2 tengu conjurers
  7 rime drakes
  A catoblepas skeleton (Crypt:1)
  31 yaktaurs
  An ice devil (IceCv)
  5 meliai
  A troll (shapeshifter) (Vaults:5)
  7 trolls
  3 golden dragon simulacra
  4 polar bears
  Prince Ribbit (D:9)
  24 hornets
  A raiju (D:14)
  10 tyrant leeches
  An alligator zombie (Crypt:2)
  10 blink frogs
  6 harpy skeletons (Crypt:3)
  Grinder (D:3)
  2 dream sheep (Lair:3)
  A meliai zombie (D:10)
  13 flying skulls
  Sigmund (D:3)
  A guardian serpent skeleton (Crypt:3)
  87 slime creatures
  5 water elementals
  24 spriggans
  A shadow (D:12)
  5 air elementals
  6 fire bats (Volcano)
  3 vampires
  2 centaur simulacra (D:15)
  An ice dragon skeleton (Crypt:1)
  An ushabti (Zig:3)
  5 humans (Lair:5)
  5 basilisks
  A wind drake zombie (Crypt:2)
  A naga simulacrum (Crypt:3)
  A basilisk (shapeshifter) (Vaults:4)
  5 fire elementals
  3 wyverns
  2 steam dragons
  4 wraiths
  2 hogs (Lair:5)
  2 golden eyes (Slime:3)
  60 yaks
  5 redbacks
  9 vampire mosquitoes
  Menkaure (D:5)
  A tengu zombie (Depths:1)
  A harpy simulacrum (IceCv)
  6 wargs
  53 nagas
  14 swamp worms
  3 acid dragons (D:11)
  A demonspawn zombie (Crypt:1)
  A hell hound (D:14)
  15 water moccasins
  Duvessa (D:5)
  2 floating eyes (Depths:2)
  2 floating eyes (shapeshifter)
  2 glowing shapeshifter skeletons
  5 hydra simulacra (IceCv)
  A sky beast (D:7)
  7 swamp drakes
  A spriggan simulacrum (Depths:1)
  47 orc warriors
  4 black bears
  A cane toad skeleton (Crypt:1)
  5 ogres
  An ice beast (Vaults:1)
  4 boggarts (D:15)
  2 ettin simulacra (IceCv)
  A swamp dragon zombie (Crypt:3)
  12 centaurs
  A swamp dragon skeleton (Crypt:3)
  5 wolves
  A kobold brigand (D:11)
  A phantom (D:4)
  9 bullfrogs
  2 gnoll sergeants
  7 earth elementals
  2 necrophages (Crypt:1)
  6 wights
  3 deep troll simulacra (IceCv)
  A scorpion (D:5)
  Dowan (D:5)
  6 killer bees
  A lindwurm simulacrum (IceCv)
  A troll skeleton (Crypt:3)
  5 howler monkeys
  4 electric eels
  5 lava snakes (Volcano)
  A jelly (D:6)
  A hound (shapeshifter) (Vaults:5)
  27 orc priests
  3 hounds
  A human zombie (D:10)
  Crazy Yiuf (D:2)
  2 gnoll boudas
  A human skeleton (Crypt:3)
  3 sleepcaps
  Ijyb (D:5)
  4 iguanas
  29 orc wizards
  2 lightning spires (WizLab)
  2 mummies
  2 howler monkey zombies
  24 gnolls
  8 adders
  An ufetubus (D:5)
  3 worms
  2 dart slugs
  79 orcs
  8 ball pythons
  3 bats
  A bat zombie (Crypt:2)
  8 endoplasms
  9 giant cockroaches
  9 goblins
  8 hobgoblins
  4 jackals
  5 quokkas
  2 frilled lizards
  A frilled lizard zombie (Crypt:3)
  4 kobolds
  6 rats
2458 creatures vanquished.

Vanquished Creatures (others)
  A vault warden (Vaults:5)
  An ironbound preserver (Vaults:5)
  A very ugly thing (Vaults:5)
  A deep elf annihilator (Elf:3)
  A fire dragon (Depths:2)
  A vault guard (Vaults:5)
  An ogre mage (Vaults:5)
  A peacekeeper (WizLab)
  A naga warrior (Snake:1)
  3 deep elf knights
  A deep elf zephyrmancer (Elf:3)
  A deep elf pyromancer (Elf:1)
  An ugly thing (D:13)
  2 naga magi
  3 bloated husks
  A hornet (Swamp:2)
  A large abomination (D:13)
  A spriggan (Swamp:2)
  A swamp worm (Swamp:1)
  A small abomination (D:13)
  An orc wizard (Orc:2)
  2 orcs (Orc:2)
  A kobold (D:3)
  18 foxfires
47 creatures vanquished.

Grand Total: 2505 creatures vanquished

Notes
Turn   | Place    | Note
-------+----------+-------------------------------------------
     0 | D:1      | Peloso the Minotaur Fighter began the quest for the Orb.
     0 | D:1      | Reached XP level 1. HP: 19/19 MP: 0/0
     1 | D:1      | Found a runed translucent door.
   176 | D:1      | Reached XP level 2. HP: 27/27 MP: 1/1
   709 | D:1      | Reached XP level 3. HP: 33/33 MP: 2/2
   805 | D:2      | Found a faded altar of an unknown god.
  1209 | D:2      | Found a runed translucent door.
  1210 | D:2      | Noticed Crazy Yiuf
  1257 | D:2      | Reached XP level 4. HP: 30/40 MP: 3/3
  1751 | D:3      | Noticed Grinder
  1989 | D:3      | Reached XP level 5. HP: 44/46 MP: 4/4
  2007 | D:3      | Reached skill level 5 in Armour
  2233 | D:4      | Noticed an ogre
  2353 | D:3      | Noticed Sigmund
  2375 | D:3      | Killed Sigmund
  2376 | D:3      | Reached skill level 5 in Long Blades
  2376 | D:3      | Reached skill level 1 in Dodging
  2376 | D:3      | Reached XP level 6. HP: 50/53 MP: 5/5
  2396 | D:3      | Killed Grinder
  2397 | D:3      | Reached skill level 5 in Shields
  2397 | D:3      | Reached XP level 7. HP: 45/60 MP: 6/6
  2982 | D:4      | Found a sacrificial altar of Ru.
  3292 | D:4      | Found a sparkling altar of Nemelex Xobeh.
  3456 | D:4      | Found a stormy altar of Qazlal.
  3565 | D:4      | Noticed Pikel
  3589 | D:4      | Killed Pikel
  3590 | D:4      | Reached skill level 5 in Fighting
  3590 | D:4      | Reached XP level 8. HP: 66/69 MP: 7/7
  3958 | D:5      | Entered Level 5 of the Dungeon
  4130 | D:5      | Noticed Menkaure
  4360 | D:5      | Killed Menkaure
  4502 | D:5      | Found a transporter.
  4505 | D:5      | Noticed vvlvvlvvl's ghost (novice DsBe)
  4525 | D:5      | Found a white marble altar of Elyvilon.
  4526 | D:5      | Found a snail-covered altar of Cheibriados.
  4527 | D:5      | Found a glowing golden altar of the Shining One.
  4619 | D:5      | Found a transporter.
  4623 | D:5      | Noticed Dowan
  4624 | D:5      | Noticed Duvessa
  4646 | D:5      | Killed Duvessa
  4649 | D:5      | Killed Dowan
  4810 | D:5      | Noticed Ijyb
  4815 | D:5      | Killed Ijyb
  4884 | D:5      | Found a broken altar of Ashenzari.
  4927 | D:5      | Found Vurataq's Lightly-Used Armoury.
  5469 | D:6      | Reached XP level 9. HP: 78/78 MP: 8/8
  5903 | D:7      | Found a staircase to the Ecumenical Temple.
  5913 | Temple   | Entered the Ecumenical Temple
  6167 | D:7      | Reached skill level 10 in Long Blades
  6368 | D:7      | Found a shimmering altar of Xom.
  6477 | D:7      | Found an iron altar of Okawaru.
  6486 | D:7      | Became a worshipper of Warmaster Okawaru
  7152 | D:5      | Bought a -2 demon blade for 55 gold pieces
  7635 | D:8      | Reached * piety under Okawaru
  8153 | D:8      | Noticed Joseph
  8169 | D:8      | Killed Joseph
  8531 | D:8      | Found Opomusel's Antique Armour Emporium.
  8767 | D:9      | Noticed Prince Ribbit
  8800 | D:9      | Killed Prince Ribbit
  8801 | D:9      | Reached XP level 10. HP: 42/85 MP: 9/9
  9015 | D:9      | Reached ** piety under Okawaru
  9647 | D:9      | Reached *** piety under Okawaru
 10093 | D:2      | Killed Crazy Yiuf
 10256 | D:10     | Entered Level 10 of the Dungeon
 10290 | D:10     | Found a portal to a secret trove of treasure.
 10460 | D:10     | Reached **** piety under Okawaru
 10651 | D:10     | Found a shadowy altar of Dithmenos.
 10714 | D:10     | Noticed Harold
 10726 | D:10     | Killed Harold
 10727 | D:10     | Reached XP level 11. HP: 75/97 MP: 10/10
 10813 | D:10     | Found a basalt altar of Yredelemnul.
 10840 | D:10     | Received a gift from Okawaru
 10841 | D:10     | Reached skill level 10 in Shields
 10926 | D:10     | Reached ***** piety under Okawaru
 10958 | D:10     | Received a gift from Okawaru
 11038 | D:10     | Reached skill level 10 in Armour
 11050 | D:10     | Found a staircase to the Lair.
 11114 | D:10     | Reached skill level 1 in Evocations
 11312 | D:10     | Identified a scroll of acquirement
 11380 | D:10     | Acquired the +8 long sword of Melee {heavy, rElec rN++
                  | Int+3}
 11599 | D:11     | Noticed a boulder beetle
 11609 | D:11     | Killed a boulder beetle
 11610 | D:11     | Reached skill level 10 in Fighting
 11613 | D:11     | Noticed a two-headed ogre
 11620 | D:11     | Killed a two-headed ogre
 11783 | D:11     | Found a staircase to the Orcish Mines.
 11811 | D:11     | Noticed a centaur warrior
 11816 | D:11     | Killed a centaur warrior
 11843 | D:11     | Noticed a tengu warrior
 11862 | D:11     | Identified the +0 pair of gloves of the Game of Kings
                  | {rElec rPois} (Okawaru gifted it to you on level 11 of the
                  | Dungeon)
 11862 | D:11     | Received a gift from Okawaru
 11874 | D:11     | Noticed an ice dragon
 11892 | D:11     | Killed an ice dragon
 11893 | D:11     | Reached XP level 12. HP: 77/107 MP: 8/11
 11925 | D:11     | Noticed a centaur warrior
 11933 | D:11     | Killed a centaur warrior
 11936 | D:11     | Identified the +1 arbalest of Articulation {freeze, rF+
                  | Str+4}
 11951 | D:11     | Identified the ring "Iptobrama" {Fly Str+2}
 11951 | D:11     | Noticed a centaur warrior
 12403 | D:10     | Killed a centaur warrior
 12626 | D:11     | Identified the +1 quarterstaff of Departure {protect, *Rage
                  | rC+ SInv}
 12685 | D:11     | Reached skill level 15 in Long Blades
 12919 | D:11     | Killed a tengu warrior
 13369 | Lair:1   | Entered Level 1 of the Lair of Beasts
 13557 | Lair:1   | Identified the +10 spear of Crusades {drain, Dex+7}
 13928 | Lair:1   | HP: 5/112 [yak[a torpor snail] (8)]
 14245 | Lair:1   | Reached XP level 13. HP: 99/117 MP: 12/12
 14347 | Lair:1   | Identified the +0 crystal plate armour of Liberty {rC++}
                  | (Okawaru gifted it to you on level 1 of the Lair of Beasts)
 14347 | Lair:1   | Received a gift from Okawaru
 14575 | Lair:2   | Reached skill level 1 in Stealth
 14723 | Lair:2   | Found a staircase to the Swamp.
 14773 | Lair:2   | Reached ****** piety under Okawaru
 14922 | Lair:2   | Found a staircase to the Snake Pit.
 15308 | Lair:3   | Noticed Sonja
 15310 | Lair:3   | Killed Sonja
 15944 | Lair:3   | Reached skill level 15 in Shields
 16962 | D:12     | Reached skill level 1 in Invocations
 17061 | D:12     | Received a gift from Okawaru
 17365 | D:12     | Found a runed translucent door.
 17368 | D:12     | Identified the +12 trident of the Vestibule of Hell {venom,
                  | rC+}
 17524 | D:12     | Noticed mihai's ghost (journeyman MiFi)
 18021 | D:5      | Killed vvlvvlvvl's ghost
 18191 | Orc:1    | Entered Level 1 of the Orcish Mines
 18227 | Orc:1    | Noticed an orc warlord
 18251 | Orc:1    | Killed an orc warlord
 18895 | Orc:2    | Entered Level 2 of the Orcish Mines
 18903 | Orc:2    | Found a dark tunnel.
 18918 | Orc:2    | Reached XP level 14. HP: 122/127 MP: 14/14
 18925 | Orc:2    | Received a gift from Okawaru
 18954 | Volcano  | Entered a volcano
 19123 | Volcano  | Found a radiant altar of Vehumet.
 19642 | Orc:2    | Noticed Urug
 19652 | Orc:2    | Killed Urug
 19669 | Orc:2    | Found a staircase to the Elven Halls.
 19856 | Orc:2    | Noticed an orc warlord
 19894 | Orc:2    | Received a gift from Okawaru
 20161 | Orc:1    | Killed an orc warlord
 20802 | Orc:2    | Gained mutation: You are dopey. (Int -2) [a neqoxec]
 20805 | Orc:2    | Gained mutation: You sometimes lose your temper in combat.
                  | [a neqoxec]
 21050 | Orc:2    | Found Esipoih's Antique Armour Emporium.
 21051 | Orc:2    | Found Sifeu's Antique Weapon Shoppe.
 21052 | Orc:2    | Found Edghuwk's General Store.
 21052 | Orc:2    | Found Wuzogong's Jewellery Emporium.
 21078 | Orc:2    | Bought a dazzling tower shield for 256 gold pieces
 21078 | Orc:2    | Identified the +5 tower shield "Luj Zef" {rF+ rC+++ Will-
                  | Stlth-} (You bought it in a shop on level 2 of the Orcish
                  | Mines)
 21088 | Orc:2    | Bought a scroll of identify for 28 gold pieces
 21088 | Orc:2    | Bought a scroll of identify for 28 gold pieces
 21089 | Orc:2    | Lost mutation: You sometimes lose your temper in combat.
                  | [potion of mutation]
 21089 | Orc:2    | Lost mutation: You are dopey. (Int -2) [potion of mutation]
 21089 | Orc:2    | Gained mutation: You are frail. (-10% HP) [potion of
                  | mutation]
 21089 | Orc:2    | Gained mutation: Your body sometimes deteriorates upon
                  | taking damage. [potion of mutation]
 21089 | Orc:2    | Gained mutation: Your natural rate of healing is unusually
                  | fast. [potion of mutation]
 21089 | Orc:2    | Gained mutation: Your system is resistant to poisons.
                  | (rPois) [potion of mutation]
 21090 | Orc:2    | Lost mutation: Your system is resistant to poisons. (rPois)
                  | [potion of mutation]
 21090 | Orc:2    | Lost mutation: Your natural rate of healing is unusually
                  | fast. [potion of mutation]
 21090 | Orc:2    | Gained mutation: You occasionally lose the ability to read
                  | scrolls when taking damage. [potion of mutation]
 21090 | Orc:2    | Lost mutation: You occasionally lose the ability to read
                  | scrolls when taking damage. [potion of mutation]
 21090 | Orc:2    | Gained mutation: Armour fits poorly on your strangely
                  | shaped body. [potion of mutation]
 21091 | Orc:2    | Lost mutation: Your body sometimes deteriorates upon taking
                  | damage. [potion of mutation]
 21091 | Orc:2    | Lost mutation: You are frail. (-10% HP) [potion of
                  | mutation]
 21091 | Orc:2    | Lost mutation: Armour fits poorly on your strangely shaped
                  | body. [potion of mutation]
 21091 | Orc:2    | Gained mutation: Your movements are slightly less
                  | encumbered by armour. (ER -2) [potion of mutation]
 21765 | Lair:4   | Reached skill level 15 in Armour
 22076 | Lair:4   | Found a viscous altar of Jiyva.
 22076 | Lair:4   | Found a staircase to the Slime Pits.
 22259 | Lair:4   | HP: 6/129 [blink frog (10)]
 22921 | Lair:5   | Entered Level 5 of the Lair of Beasts
 23057 | Lair:4   | Identified the +3 falchion "Ularaimn" {heavy, *Corrode
                  | rC+++ Str+3 Int-4} (Okawaru gifted it to you on level 4 of
                  | the Lair of Beasts)
 23057 | Lair:4   | Received a gift from Okawaru
 23132 | Lair:5   | Identified the staff of fire "Tilaimim" {Fly rF+ Str+3
                  | Int-2 Stlth+}
 23487 | Lair:5   | Reached XP level 15. HP: 124/137 MP: 15/15
 23597 | Lair:5   | Got the Verses on Gaseous Percussion
 23828 | Lair:5   | Identified the +1 cloak of the Shining Light {rN+ rCorr
                  | Int-4} (Okawaru gifted it to you on level 5 of the Lair of
                  | Beasts)
 23828 | Lair:5   | Received a gift from Okawaru
 24027 | Lair:5   | Noticed Kirke
 24047 | Lair:5   | Killed Kirke
 24696 | D:13     | Noticed Nessos
 24708 | D:13     | Killed Nessos
 25826 | D:13     | Found a gate to the Vaults.
 25981 | D:13     | Noticed Snorg
 25992 | D:13     | Killed Snorg
 26543 | D:12     | Killed mihai's ghost
 26543 | D:12     | Identified the +3 plate armour of Mysticism {rCorr Slay-3
                  | SInv Stlth+} (Okawaru gifted it to you on level 12 of the
                  | Dungeon)
 26543 | D:12     | Received a gift from Okawaru
 26831 | D:14     | Found a transporter.
 26853 | D:14     | Got the Opusculum on Lethal Contaminants
 26953 | D:14     | Found a transporter.
 26955 | D:14     | Found a corrupted altar of Lugonu.
 26960 | D:14     | Acquired 547 gold pieces
 27080 | D:14     | Noticed Azrael
 27118 | D:14     | HP: 3/139 [Azrael/fireball (13)]
 27607 | D:13     | Reached skill level 15 in Fighting
 27778 | D:14     | Found Liokh's Assorted Antiques.
 27843 | D:14     | Killed Azrael
 27900 | D:14     | Bought a potion of curing for 69 gold pieces
 27900 | D:14     | Bought an emerald potion for 20 gold pieces
 28878 | D:5      | Bought -1 gold dragon scales for 825 gold pieces
 29613 | D:15     | Entered Level 15 of the Dungeon
 29688 | D:15     | Reached XP level 16. HP: 79/149 MP: 16/16
 29704 | D:15     | Found a staircase to the Depths.
 30109 | D:15     | Identified the +8 falchion of Guile {elec, Dex+3} (Okawaru
                  | gifted it to you on level 15 of the Dungeon)
 30109 | D:15     | Received a gift from Okawaru
 30413 | D:15     | Found an ornate altar of the Wu Jian Council.
 30657 | D:14     | Noticed a storm dragon
 30658 | D:14     | a storm dragon changed into an azure jelly
 30763 | D:14     | Identified the ring "Diuhileu" {rPois Will+ Int+2 SInv}
 30793 | D:14     | Identified the ring "Jieczutwi" {rN+ Will+ Dex+4}
 30940 | Snake:1  | Entered Level 1 of the Snake Pit
 31381 | Snake:1  | Identified the +5 cloak of Gome Sekh {*Corrode Int+2
                  | Stlth+} (Okawaru gifted it to you on level 1 of the Snake
                  | Pit)
 31381 | Snake:1  | Received a gift from Okawaru
 31452 | Snake:1  | Noticed Aizul
 31468 | Snake:1  | Killed Aizul
 31838 | Snake:1  | Found Ziydwe's Jewellery Boutique.
 31847 | Snake:1  | Found Veka's Armour Emporium.
 31868 | Snake:1  | Acquired 538 gold pieces
 31926 | Snake:1  | Found Buulagiv's Armour Boutique.
 31983 | Snake:1  | Found Meis's Antique Weapon Shop.
 32350 | Snake:1  | Found Peshol's Armour Emporium.
 32352 | Snake:1  | Found Idoikhlo's Distillery.
 32353 | Snake:1  | Found Voewiomn's Armour Emporium.
 32402 | Snake:1  | Bought a potion of heal wounds for 65 gold pieces
 32402 | Snake:1  | Bought 2 potions of heal wounds for 130 gold pieces
 32690 | Elf:1    | Entered Level 1 of the Elven Halls
 33266 | Elf:1    | Received a gift from Okawaru
 33450 | Elf:1    | Paralysed by an air elemental for 1 turns
 33457 | Elf:1    | Paralysed by an air elemental for 1 turns
 33466 | Elf:1    | Paralysed by an air elemental for 1 turns
 33695 | Elf:1    | Got Ocwek's Papyrus of Gathered Trauma
 33792 | Elf:1    | Reached XP level 17. HP: 156/158 MP: 17/17
 34313 | Swamp:1  | Entered Level 1 of the Swamp
 34319 | Swamp:1  | Identified Roxanne's Codex of the Boulder
 34319 | Swamp:1  | Noticed Roxanne
 34812 | Swamp:1  | Noticed Jorgrun
 34828 | Swamp:1  | Killed Jorgrun
 35265 | Swamp:1  | Killed Roxanne
 35936 | Snake:2  | Noticed Vashnia
 35956 | Snake:2  | Noticed Louise
 35975 | Snake:2  | Received a gift from Okawaru
 36837 | Snake:2  | Killed Vashnia
 37120 | Snake:2  | Killed Louise
 37363 | Snake:2  | Found Ojiploa's Assorted Antiques.
 37696 | Snake:2  | Found an ancient bone altar of Kikubaaqudgha.
 38505 | Elf:2    | Identified the +7 falchion of the Witching Enemy {heavy,
                  | Dex+2} (Okawaru gifted it to you on level 2 of the Elven
                  | Halls)
 38505 | Elf:2    | Received a gift from Okawaru
 38708 | Elf:2    | Found a runed translucent gate.
 38708 | Elf:2    | Found a runed translucent gate.
 38710 | Elf:2    | Found a runed translucent gate.
 39311 | Snake:1  | Bought the +9 scales of the Dragon King {rPois rF+ rC+
                  | Will+} for 1996 gold pieces
 39311 | Snake:1  | Found the +9 scales of the Dragon King {rPois rF+ rC+
                  | Will+}
 39749 | Elf:3    | Entered Level 3 of the Elven Halls
 39908 | Elf:3    | Identified the +0 tower shield of Okawaru's Supremacy
                  | {rPois} (Okawaru gifted it to you on level 3 of the Elven
                  | Halls)
 39908 | Elf:3    | Received a gift from Okawaru
 40268 | Elf:3    | Paralysed by an air elemental for 1 turns
 40271 | Elf:3    | Paralysed by an air elemental for 1 turns
 40276 | Elf:3    | Paralysed by an air elemental for 1 turns
 40286 | Elf:3    | Reached XP level 18. HP: 104/169 MP: 18/18
 40306 | Elf:3    | Noticed Donald
 40330 | Elf:3    | Killed Donald
 41052 | Elf:3    | Identified the +3 whip of Disembowelment {flame, rPois rC+
                  | Will-}
 41052 | Elf:3    | Identified the +3 leather armour of Roilud {Fly rPois
                  | Str-5}
 41052 | Elf:3    | Identified the ring of Maijou Gualu {rF+++ rCorr Str+2
                  | Int-2 Dex+3}
 41960 | Elf:3    | Identified the ring of Odirghif {Contam rElec rN+ Int+6
                  | Dex+3 Stlth+}
 41964 | Elf:3    | Identified the ring "Vull" {Wiz rCorr}
 42045 | Elf:3    | Noticed an Ice Fiend
 42050 | Elf:3    | Identified the +11 spear of Ointment {antimagic, rC+ rCorr
                  | Str-5 SInv}
 42050 | Elf:3    | Identified the amulet "Zosafoda" {Reflect Str+4 SH+5}
 42198 | Elf:3    | Received a gift from Okawaru
 42227 | Elf:3    | Noticed a Tzitzimitl
 42230 | Elf:3    | Noticed a Brimstone Fiend
 42644 | Elf:3    | Identified the +0 giant club of Famine {spect, rPois Dex+5}
 42647 | Elf:3    | Identified the +0 helmet of Kindness {rC+ Int+2 Dex+2}
 42678 | Elf:3    | Got Caupn's Cyclopedia of Stolen Souls
 43356 | D:10     | You paid a toll of 4 scrolls of blinking to enter a
                  | treasure trove
 43357 | Trove    | Entered a treasure trove
 43391 | Trove    | Identified the ring "Doruf" {MP+9 Dex+2}
 43397 | Trove    | Identified the ring "Cunkits" {Int+6 Dex+4 Slay+5}
 44376 | Swamp:2  | Received a gift from Okawaru
 44662 | Swamp:2  | Noticed Mlioglotl
 44666 | Swamp:2  | Received a gift from Okawaru
 44680 | Swamp:2  | Killed Mlioglotl
 46404 | Snake:3  | Found Lowkeyd's Distillery.
 46414 | Snake:3  | Bought a potion of heal wounds for 105 gold pieces
 46414 | Snake:3  | Bought a potion of curing for 63 gold pieces
 46414 | Snake:3  | Bought a potion of curing for 63 gold pieces
 47055 | Snake:4  | Entered Level 4 of the Snake Pit
 47091 | Snake:4  | Reached XP level 19. HP: 179/179 MP: 19/19
 47146 | Snake:4  | Found a frozen archway.
 47159 | IceCv    | Entered an ice cave
 47624 | Snake:4  | Identified the +1 scale mail of Broken Taboos {-Cast rPois
                  | Dex-2 SInv} (Okawaru gifted it to you on level 4 of the
                  | Snake Pit)
 47624 | Snake:4  | Received a gift from Okawaru
 48007 | Snake:4  | Found Vifemeta's Jewellery Shoppe.
 49856 | Snake:4  | Got a serpentine rune of Zot
 50339 | Swamp:4  | Entered Level 4 of the Swamp
 51367 | Swamp:4  | Identified the +10 scimitar of Okawaru's Reproof {heavy,
                  | *Noise rC- rN+ Dex+4} (Okawaru gifted it to you on level 4
                  | of the Swamp)
 51367 | Swamp:4  | Received a gift from Okawaru
 51424 | Swamp:4  | Noticed the 27-headed Lernaean hydra
 51435 | Swamp:4  | Killed the 27-headed Lernaean hydra
 51436 | Swamp:4  | Reached skill level 27 in Shields
 51744 | Swamp:4  | Got a decaying rune of Zot
 52404 | Elf:2    | Reached XP level 20. HP: 68/189 MP: 20/20
 52718 | Elf:2    | Received a gift from Okawaru
 53236 | Vaults:1 | Entered Level 1 of the Vaults
 53287 | Vaults:1 | Noticed Nikola
 53296 | Vaults:1 | Killed Nikola
 53346 | Vaults:1 | Found a magical portal.
 53440 | WizLab   | Entered Maxwell's Workshop
 53498 | WizLab   | Found the +15 Maxwell's patent armour {-Cast -Tele rElec
                  | Will+ rCorr}
 53498 | WizLab   | Found the +2 Maxwell's thermic engine {flame, freeze, rev}
 53501 | WizLab   | Identified the ring "Tybedgh" {Ice MP+9 Str+3}
 53965 | WizLab   | Identified the +1 robe "Ojaefo" {rPois rC- Dex-2 Archmagi}
 53967 | WizLab   | Identified the +1 short sword "Esao" {speed, rC+}
 53978 | WizLab   | Identified the ring "Vaang" {Fire *Slow rN++ rCorr Dex-5}
 54090 | WizLab   | Identified the +10 plate armour of Happy Babbling {Fly
                  | rElec Regen+ Str+5} (Okawaru gifted it to you in a wizard's
                  | laboratory)
 54090 | WizLab   | Received a gift from Okawaru
 55650 | Vaults:1 | Identified the ring "Xoineima" {rN+ Dex+6}
 55728 | Vaults:2 | Identified the +0 plate armour "Myicrod" {rPois rC- rCorr
                  | Int+4} (Okawaru gifted it to you on level 2 of the Vaults)
 55728 | Vaults:2 | Received a gift from Okawaru
 56297 | Vaults:2 | Reached XP level 21. HP: 200/203 MP: 22/22
 56353 | Vaults:2 | Identified the +6 short sword of the Toadstool {heavy, rC++
                  | Int+4}
 56846 | Vaults:2 | Found Kaog's Distillery.
 56854 | Vaults:2 | Bought a potion of heal wounds for 115 gold pieces
 56854 | Vaults:2 | Bought a potion of might for 92 gold pieces
 56854 | Vaults:2 | Bought a potion of curing for 69 gold pieces
 57625 | Vaults:3 | Found a staircase to the Crypt.
 57673 | Vaults:3 | Noticed Zenata
 57685 | Vaults:3 | Killed Zenata
 57922 | Vaults:3 | Received a gift from Okawaru
 57977 | Vaults:3 | Noticed Asterion
 57986 | Vaults:3 | Killed Asterion
 58002 | Vaults:3 | Noticed Xtahua
 58015 | Vaults:3 | Killed Xtahua
 59090 | Vaults:3 | Found Bugokh Roatz's General Store.
 59098 | Vaults:3 | Bought 2 potions of heal wounds for 220 gold pieces
 59098 | Vaults:3 | Bought a potion of haste for 220 gold pieces
 59187 | Vaults:3 | Received a gift from Okawaru
 59829 | Vaults:4 | Noticed Frederick
 59843 | Vaults:4 | Killed Frederick
 60180 | Vaults:4 | Reached XP level 22. HP: 199/217 MP: 23/23
 60472 | Vaults:4 | Noticed Boris
 60495 | Vaults:4 | Killed Boris
 61125 | Crypt:1  | Entered Level 1 of the Crypt
 61183 | Crypt:1  | Received a gift from Okawaru
 61642 | Crypt:1  | Found a basalt altar of Yredelemnul.
 61659 | Crypt:1  | Found a runed translucent door.
 61659 | Crypt:1  | Noticed Osipn's ghost (veteran MiGl)
 62269 | Crypt:1  | Killed Osipn's ghost
 62310 | Crypt:1  | Got the Secrets of the Mesa
 62454 | Crypt:2  | Found the +1 robe of Vines {NoPotionHeal Regen++++}
 62621 | Crypt:2  | Identified the +1 pair of boots of Okawaru's Anger {rN+}
                  | (Okawaru gifted it to you on level 2 of the Crypt)
 62621 | Crypt:2  | Received a gift from Okawaru
 63144 | Crypt:3  | Entered Level 3 of the Crypt
 63144 | Crypt:3  | Noticed Boris
 63165 | Crypt:2  | Killed Boris
 63638 | Crypt:3  | Noticed Mennas
 63649 | Crypt:3  | Killed Mennas
 63938 | Crypt:3  | Reached XP level 23. HP: 205/229 MP: 24/24
 64050 | Crypt:3  | Found a basalt altar of Yredelemnul.
 64136 | Crypt:3  | Received a gift from Okawaru
 64246 | Crypt:3  | Noticed a dread lich
 64258 | Crypt:3  | Killed a dread lich
 64346 | Crypt:3  | Identified the +5 leather armour of Woch {Rampage rC+}
 64501 | Crypt:3  | Found a staircase to the Tomb.
 64519 | Tomb:1   | Entered Level 1 of the Tomb of the Ancients
 64558 | Tomb:1   | Noticed Boris
 64568 | Tomb:1   | Killed Boris
 65028 | Crypt:3  | Noticed Grunn
 65037 | Crypt:3  | Killed Grunn
 65040 | Crypt:3  | Identified the +9 crystal plate armour of Vilahef {Will+}
                  | (Okawaru gifted it to you on level 3 of the Crypt)
 65040 | Crypt:3  | Received a gift from Okawaru
 65874 | Vaults:5 | Entered Level 5 of the Vaults
 67109 | Vaults:4 | Identified the +0 tower shield of the Ten Portals {Int+2}
                  | (Okawaru gifted it to you on level 4 of the Vaults)
 67109 | Vaults:4 | Received a gift from Okawaru
 67426 | Vaults:5 | Reached XP level 24. HP: 66/245 MP: 24/24
 68795 | Vaults:5 | Identified the staff of death "Plog" {rF- rN+ Will+ Str+5
                  | Dex+4}
 68842 | Vaults:5 | Got the Handbook of Sepulchral Shaping
 68871 | Vaults:5 | Got the Omnibus of Envenoming
 69091 | Vaults:5 | Identified the staff of conjuration "Jaemikek" {Drain rElec
                  | rPois}
 69322 | Vaults:5 | Found Noalic's General Store.
 69489 | Vaults:5 | Identified the +1 ring mail of the Monkey {rCorr}
 69493 | Vaults:5 | Got a silver rune of Zot
 69494 | Vaults:5 | Identified the staff of conjuration "Teapeferaps" {Str+3}
 69510 | Vaults:5 | Identified the +1 scale mail of Hedonism {SInv}
 69514 | Vaults:5 | Identified the +3 spear "Suqiss" {flame, rN+ MP+9}
 69941 | Depths:1 | Entered Level 1 of the Depths
 69941 | Depths:1 | Found a one-way gate to the infinite horrors of the Abyss.
 70626 | D:15     | Reached skill level 27 in Long Blades
 70929 | D:15     | Identified the +0 pair of boots of Liberty {rC+ Int+4
                  | Dex+2} (Okawaru gifted it to you on level 15 of the
                  | Dungeon)
 70929 | D:15     | Received a gift from Okawaru
 70941 | D:15     | Reached skill level 27 in Fighting
 71418 | Depths:1 | Found a gateway to Hell.
 71946 | Depths:1 | Found a basalt altar of Yredelemnul.
 72357 | Depths:2 | Found a one-way gateway to a ziggurat.
 72360 | Depths:2 | Paralysed by a floating eye for 4 turns
 72383 | Depths:2 | Noticed Boris
 72399 | Depths:2 | Killed Boris
 72430 | Depths:2 | Found a one-way gate leading to the halls of Pandemonium.
 72448 | Depths:2 | Found a runed translucent gate.
 72448 | Depths:2 | Found a runed translucent gate.
 72448 | Depths:2 | Found a runed translucent gate.
 72449 | Depths:2 | Found an ancient bone altar of Kikubaaqudgha.
 72450 | Depths:2 | Noticed Oloos's ghost (adept DrTm)
 72450 | Depths:2 | Noticed an ancient lich
 72450 | Depths:2 | Noticed an ancient lich
 72692 | Depths:2 | Reached XP level 25. HP: 209/257 MP: 24/24
 72716 | Depths:2 | Identified the +0 plate armour of Feonovein {rF+ rCorr}
 72858 | Depths:2 | Reached skill level 27 in Armour
 72956 | Depths:2 | Identified the +3 flail of Puer {pain, rC+ Str-5 Dex+2}
 73030 | Depths:2 | Found a glowing golden altar of the Shining One.
 73316 | Depths:2 | Reached skill level 5 in Invocations
 73337 | Depths:2 | Received a gift from Okawaru
 73658 | Depths:2 | Identified the +1 chain mail of Sorcery {-Tele Contam rN+++
                  | Stlth+}
 73677 | Depths:2 | Identified the +6 quarterstaff of Dissent {heavy, rElec rC+
                  | Str+4}
 73807 | Depths:2 | Killed an ancient lich
 73808 | Depths:2 | Reached skill level 5 in Evocations
 73812 | Depths:2 | Killed an ancient lich
 73827 | Depths:2 | Killed Oloos's ghost
 73833 | Depths:2 | Identified the -1 cloak of the Present {Rampage Str+3
                  | Stlth-}
 73838 | Depths:2 | Identified the ring "Otuatiuv" {rPois Will- EV+5 Str+5}
 74299 | Depths:3 | Received a gift from Okawaru
 74845 | Depths:3 | Reached skill level 10 in Invocations
 75130 | Depths:3 | Found a radiant altar of Vehumet.
 75130 | Depths:3 | Noticed the Enchantress
 75150 | Depths:3 | Killed the Enchantress
 75358 | Depths:3 | Found the +3 crown of Dyrovepreva {rElec Int+2 SInv}
 75364 | Depths:3 | Identified the amulet "Onuquk" {Spirit Harm Rampage +Blink
                  | rElec}
 75562 | Depths:3 | Identified the scarf "Ytoinyre" {harm, rElec Stlth+}
                  | (Okawaru gifted it to you on level 3 of the Depths)
 75562 | Depths:3 | Received a gift from Okawaru
 75645 | Depths:3 | Identified the +5 demon whip of Twilight {freeze, rPois rF-
                  | Str+5 Dex+3}
 75921 | Depths:4 | Entered Level 4 of the Depths
 75923 | Depths:4 | Found Neanur's Antique Armour Boutique.
 76768 | Depths:4 | Reached XP level 26. HP: 213/266 MP: 31/31
 77395 | Depths:4 | Found a gate to the Realm of Zot.
 78219 | Slime:1  | Entered Level 1 of the Pits of Slime
 78408 | Slime:3  | Gained mutation: Armour fits poorly on your strangely
                  | shaped body. [a shining eye]
 78598 | Slime:5  | Entered Level 5 of the Pits of Slime
 78876 | Slime:5  | Identified the +1 hand crossbow of Soft Guile {freeze, rC+
                  | Will+} (Okawaru gifted it to you on level 5 of the Pits of
                  | Slime)
 78876 | Slime:5  | Received a gift from Okawaru
 78880 | Slime:5  | Noticed the Royal Jelly
 78900 | Slime:5  | Killed the Royal Jelly
 78901 | Slime:5  | Reached skill level 10 in Evocations
 79472 | Slime:5  | Gained mutation: You do not regenerate when monsters are
                  | visible. [a shining eye]
 80231 | Slime:5  | Gained mutation: You sometimes lose your temper in combat.
                  | [a shining eye]
 81003 | Slime:5  | Gained mutation: You are dopey. (Int -2) [a shining eye]
 81063 | Slime:5  | Gained mutation: You have sharp fingernails. [a shining
                  | eye]
 81066 | Slime:5  | Gained mutation: You are weak. (Str -2) [a shining eye]
 81210 | Slime:5  | Got a slimy rune of Zot
 81287 | Slime:5  | Got the Thoughts on Transportation
 81319 | Slime:5  | Identified the ring "Opiamiod" {Will+ SInv}
 81338 | Slime:5  | Identified the +9 morningstar "Goblinslayer" {freeze, rF+
                  | rCorr Int+2 SInv}
 81359 | Slime:5  | Identified the staff of earth "Cocaesom" {rElec rC+ Int-3
                  | Stlth+}
 81645 | D:14     | Lost mutation: You are dopey. (Int -2) [potion of mutation]
 81645 | D:14     | Lost mutation: You are weak. (Str -2) [potion of mutation]
 81645 | D:14     | Lost mutation: Armour fits poorly on your strangely shaped
                  | body. [potion of mutation]
 81645 | D:14     | Gained mutation: Your muscles are strong. (Str +4, Int/Dex
                  | -1) [potion of mutation]
 81646 | D:14     | Lost mutation: You have sharp fingernails. [potion of
                  | mutation]
 81646 | D:14     | Lost mutation: You do not regenerate when monsters are
                  | visible. [potion of mutation]
 81646 | D:14     | Lost mutation: You sometimes lose your temper in combat.
                  | [potion of mutation]
 81646 | D:14     | Gained mutation: Your muscles are very strong. (Str +8,
                  | Int/Dex -2) [potion of mutation]
 81646 | D:14     | Gained mutation: You are frail. (-10% HP) [potion of
                  | mutation]
 81646 | D:14     | Gained mutation: You possess an exceptional clarity of
                  | mind. [potion of mutation]
 81646 | D:14     | Gained mutation: You are somewhat resistant to further
                  | mutation. [potion of mutation]
 81895 | Zig:1    | Entered Level 1 of a ziggurat
 81956 | Zig:2    | Entered Level 2 of a ziggurat
 81992 | Zig:3    | Entered Level 3 of a ziggurat
 82349 | Zig:4    | Entered Level 4 of a ziggurat
 82403 | Zig:4    | Identified the +1 dagger "Nutuneg" {flame, rElec}
 82510 | Zig:5    | Entered Level 5 of a ziggurat
 82516 | Zig:5    | Noticed a juggernaut
 82534 | Zig:5    | Killed a juggernaut
 82535 | Zig:5    | Reached skill level 15 in Invocations
 82885 | Zig:6    | Entered Level 6 of a ziggurat
 82985 | Zig:7    | Entered Level 7 of a ziggurat
 83035 | Zig:7    | Found the +16 obsidian axe {drain, demonic, Mesm Drain Fly
                  | SInv}
 83797 | Zig:8    | Entered Level 8 of a ziggurat
 83828 | Zig:8    | Received a gift from Okawaru
 83882 | Zig:8    | Identified the +7 scimitar of the Tooth {drain, Fly rCorr
                  | Str+3}
 84199 | Zig:9    | Entered Level 9 of a ziggurat
 84211 | Zig:9    | Noticed an ancient lich
 84220 | Zig:9    | Noticed a dread lich
 84221 | Zig:9    | Paralysed by a floating eye for 4 turns
 84226 | Zig:9    | Killed an ancient lich
 84231 | Zig:9    | Killed a dread lich
 84281 | Zig:9    | Identified the +4 sling "Gusoloir" {flame, rC+ rN+ Str+3}
 84316 | Zig:10   | Entered Level 10 of a ziggurat
 84324 | Zig:10   | Paralysed by an air elemental for 1 turns
 84326 | Zig:10   | Paralysed by an air elemental for 1 turns
 84330 | Zig:10   | Paralysed by an air elemental for 1 turns
 84332 | Zig:10   | Paralysed by an air elemental for 1 turns
 84340 | Zig:10   | Found the +8 storm bow {elec, penet}
 84363 | Zig:10   | Identified the amulet "Taostrayl" {Reflect rF- Dex+3 SH+5}
 84376 | Zig:10   | Identified the staff of conjuration "Hawer" {*Slow Int+3
                  | Dex+2}
 84566 | Zig:11   | Entered Level 11 of a ziggurat
 84690 | Zig:11   | Identified the ring of Fedhas's Approval {rElec rC+ rCorr}
 84692 | Zig:11   | Identified the ring "Toatemoi" {+Blink rC+ Int+2}
 84714 | Zig:11   | Identified the +2 plate armour of Infinity {rF++ Will+
                  | Int-4 SInv}
 85018 | Zig:12   | Entered Level 12 of a ziggurat
 85051 | Zig:12   | Killed from afar by a Brimstone Fiend

Illustrated notes

Levels and vault maps discovered:
D:1:      dpeg_arrival_caged_fury, layout_loops_ring
D:2:      layout_basic, ebering_ecumenical_altar_ruins, uniq_crazy_yiuf_cottage
D:3:      layout_loops_cross, uniq_grinder, uniq_sigmund
D:4:      layout_loops_ring, nemelex_dance_club_becter,
          nicolae_overflow_hidden_temple, mainiacjoe_overflow_six_doors_small,
          uniq_pikel
D:5:      layout_basic, chequers_temple_overflow_statue_of_worship,
          kennysheep_mini_moat, gammafunk_ghost_smash, minmay_shop_damaged,
          uniq_ijyb, uniq_menkaure, uniq_duvessa
D:6:      layout_rooms
D:7:      layout_basic, okawaru_ov_weapons_minmay, mainiacjoe_overflow_chevrons,
          minmay_temple_entry_proselytizer
D:8:      layout_cave_pods, serial_shops, nicolae_shop_crystal, uniq_joseph
D:9:      layout_roguey, uniq_prince_ribbit1
D:10:     layout_irregular_city, nicolae_dithmenos_shadow_blocks,
          lemuel_mausoleum_altar_yredelemnul, erik_lair_island, enter_trove_3,
          uniq_harold
D:11:     minmay_the_grid_octo_tiled_octocenter_mashed [minmay_the_grid_octo_77,
          minmay_the_grid_octo_horde, minmay_the_grid_octo_concentric,
          minmay_the_grid_octo_empty, minmay_the_grid_octo_prize_star,
          minmay_the_grid_square_5x5_fat_x,
          minmay_the_grid_square_5x5_two_small,
          minmay_the_grid_square_5x5_eight,
          minmay_the_grid_square_5x5_sharp_hourglass], layout_basic
D:12:     layout_gridville, serial_glass, glass_columns_b, glass_columns_c,
          glass_columns_c, glass_columns_a, glass_columns_b, glass_columns_a,
          item_on_display_a, due_unseen_surprise, ebering_ghost_funeral_grove
D:13:     dreamdust_black_sun_cult, layout_basic, erik_vaults_2, uniq_snorg,
          uniq_nessos
D:14:     gammafunk_corrupted_shrine, layout_small_grid, serial_shops, shop,
          chequers_serial_rivers_micro_a, uniq_azrael
D:15:     gammafunk_depths_entry_grave, layout_irregular_city,
          nzn_wu_jian_council_hall
Temple:   nicolae_temple_bog_church
Lair:1:   layout_long_grid, grunt_megastairs_1, lemuel_fruit_fields
Lair:2:   layout_long_grid, swamp_mist_pool, guppyfry_snake_entry_garden,
          grunt_megastairs_3, infiniplex_staircase_pool_2
Lair:3:   nzn_winding_woodlands_cross
          [nzn_winding_woodlands_5x15_pathside_ponds,
          nzn_winding_woodlands_5x15_sawtooth, nzn_winding_woodlands_5x15_eye,
          nzn_winding_woodlands_5x15_longhouse,
          nzn_winding_woodlands_15x15_killbox], layout_hall_layers, uniq_sonja
Lair:4:   layout_hall_layers, dpeg_slime_entry_enclosed
Lair:5:   grunt_lair_end_beastmaster, layout_misc_corridors,
          minmay_lair_drake_nest, lemuel_fruit_fields, uniq_kirke
Swamp:1:  layout_basic_swamp, evilmike_swamp_ruin_wall, uniq_jorgrun,
          uniq_roxanne
Swamp:2:  layout_basic_swamp, serial_swamp_ruin, evilmike_swamp_ruin_house_1,
          evilmike_swamp_ruin_rubble_2, evilmike_swamp_ruin_house_4,
          swamp_pool1, uniq_mlioglotl
Swamp:3:  layout_basic_swamp, evilmike_swamp_ruin_house_6
Swamp:4:  swamp_old_school, layout_basic_swamp, swamp_pool1
Snake:1:  layout_misc_corridors, serial_shops,
          nicolae_shop_pleasant_corner_grove, nicolae_shop_trees,
          nicolae_shop_behind_doors, nicolae_shop_advertising_works
          [nicolae_subvault_shop_adworks], nicolae_wooded_promenade, uniq_aizul
Snake:2:  layout_layer_cave, basic_altar, serial_bayou_pond_c, minmay_shop_star,
          uniq_vashnia, uniq_louise
Snake:3:  layout_onion, serial_shops, shop, nicolae_integral_box
Snake:4:  grunt_snake_rune_pools, layout_cave_town,
          portal_ice_cave_entry_pillars_2, serial_shops,
          nicolae_shop_back_alley_shop, grunt_ministairs_13, serial_bayou_pond_d
Slime:1:  nicolae_slime_jelly_donut, layout_caves, basic_altar
Slime:2:  cheibrodos_slime_lost_civilization_1, layout_caves,
          nicolae_slime_rock_hall_of_fame
Slime:3:  layout_caves
Slime:4:  layout_caves, cheibrodos_slime_lost_civilization_4
Slime:5
Orc:1:    layout_caves, mines2_david
Orc:2:    st_orc_congregation, layout_caves, nicolae_volcano_entry_two_sided,
          uniq_urug
Elf:1:    eino_elf_arrival_customs, layout_loops_cross, minmay_elf_sorcery
Elf:2:    elven_hall_of_blades_hangedman_original
          [nicolae_blade_entry_diamond_columns], layout_geoelf_octagon
Elf:3:    minmay_elf_hall_x, layout_geoelf_octagon, serial_corexii_hall,
          corexii_hall_statues_t, corexii_hall_statues_x, uniq_donald
Vaults:1: infiniplex_enter_wizlab_glasses, nicolae_vaults_twisting_passages,
          nicolae_vaults_heist, nicolae_vaults_doubleplus_tesselated,
          vaults_room_corners, nicolae_vaults_disjoint_gnomons,
          nicolae_vaults_trapezoid_layered, nicolae_vaults_what_the_h,
          serial_ice_g, nicolae_vaults_ring_of_whatevers,
          nicolae_vaults_diamond_1, nicolae_vaults_trapezoid_lopsided_1,
          layout_vaults_omnibox, uniq_nikola
Vaults:2: nicolae_vaults_stepped_doors, hangedman_vaults_hat,
          vaults_dpeg_encased_lava, nicolae_vaults_murder_corner,
          nicolae_vaults_mini_display_case, nicolae_vaults_mitosis,
          nicolae_vaults_storage_closets_1, vaults_room_pools,
          nicolae_vaults_sesquioval_fish, nicolae_vaults_offset_grid_hallway_4,
          grunt_vaults_bifocal, nicolae_vaults_tetromino_T_1,
          ontoclasm_vaults_ring_small, layout_vaults_omnicross, serial_shops,
          shop
Vaults:3: vaults_room_ringed_pool, nicolae_vaults_sealed_display,
          nicolae_vaults_hallways_thing, nicolae_vaults_corridor_and_loot_room,
          nicolae_vaults_prndl, nicolae_vaults_network_periphery,
          vaults_dpeg_ring, nicolae_vaults_octothorpe,
          nicolae_vaults_sesquioval_fish, vaults_dpeg_emergency_exit,
          layout_vaults_omnigrid, dummy_crypt_entry, serial_shops,
          nicolae_shop_trees, uniq_zenata, uniq_xtahua, uniq_asterion
Vaults:4: vaults_room_door_hall, v_misc_27, nicolae_vaults_specimen_jars,
          v_pattern_1, nicolae_vaults_six-pack, ontoclasm_vaults_ring_small,
          vaults_mumra_chevron, nicolae_vaults_network_star,
          vaults_mumra_bighexcomb, ontoclasm_vaults_spin,
          layout_vaults_maze_bifur, uniq_boris, uniq_frederick
Vaults:5
Crypt:1:  layout_chaotic_city, basic_altar, hellmonk_ghost_big_iron,
          grunt_megastairs_4
Crypt:2:  layout_regular_city, corner_web_ring
Crypt:3:  church_of_pain_bobbens, layout_chaotic_city,
          tomb_entry_forgotten_bobbens, grunt_ministairs_7, uniq_grunn,
          uniq_mennas
Tomb:1
Depths:1: layout_cave_pools, kennysheep_another_room, hell_entry, abyss_entry,
          st_stairs_1, hangedman_blasphemy
Depths:2: angbandy_vault, layout_basic, enter_ziggurat_c, tso_altar, hell_entry,
          gammafunk_ghost_crypt, pan_entry, infiniplex_staircase_zigzag_3
Depths:3: grunt_forest_end_shrine, layout_basic,
          nicolae_abyss_entry_one_way_or_another, hellmouth_2, hex_medium
Depths:4: grunt_zot_entry_gee_three, layout_gridville, pf_coc_iceberg,
          kennysheep_flooded_box, serial_shops, shop_fountains
Zig:12

Skill      XL: |  1  2  3  4  5  6  7  8  9 10 11 12 13 14 15 16 17 18 19 20 21 22 23 24 25 26 |
---------------+-------------------------------------------------------------------------------+-----
Armour         | 4 5 6 7 8 9 11 12 14 15 17 18 19 20 21 22 23 24 26 27 | 27.0
Shields        | 4 5 6 7 8 9 11 13 16 17 19 21 23 25 27 | 27.0
Long Blades    | 3 4 5 6 8 9 11 13 14 15 16 17 18 19 20 21 23 25 26 27 | 27.0
Fighting       | 4 5 6 7 9 10 11 12 13 15 16 17 18 20 22 24 26 27 | 27.0
Dodging        | 1 2 3 |  3.0
Evocations     | 1 2 8 11 | 11.6
Stealth        | 1 2 3 4 |  4.9
Invocations    | 1 2 3 12 16 | 16.9

Action                     |  1- 3 |  4- 6 |  7- 9 | 10-12 | 13-15 | 16-18 | 19-21 | 22-24 | 25-27 || total
---------------------------+-------+-------+-------+-------+-------+-------+-------+-------+-------++-------
  Melee: Long sword        |    93 |    87 |   286 |   263 |  1379 |  1208 |       |       |       ||  3316
         Headbutt          |    17 |    11 |    75 |   137 |   357 |   333 |   411 |   441 |   304 ||  2086
         Demon blade       |       |       |    98 |   353 |       |       |       |       |       ||   451
         Scimitar          |       |       |    19 |       |       |       |       |       |       ||    19
         Punch             |       |       |       |       |     6 |       |       |       |       ||     6
         Double sword      |       |       |       |       |       |   160 |  1313 |  1425 |   961 ||  3859
 Invoke: Heroism           |       |       |     1 |     4 |    14 |     9 |     7 |     7 |     9 ||    51
  Evoke: Wand              |       |       |       |     4 |     6 |     7 |     1 |     1 |     7 ||    26
    Use: Potion            |     1 |       |     2 |     4 |     8 |     2 |     7 |     3 |    23 ||    50
         Scroll            |       |       |    12 |     6 |    22 |    16 |     6 |     6 |    16 ||    84
   Stab: Petrified         |       |       |       |       |     4 |       |       |       |       ||     4
         Confused          |       |       |       |       |       |       |       |     3 |       ||     3
 Armour: Scale mail        |    56 |    15 |       |       |       |       |       |       |       ||    71
         Plate armour      |       |    12 |   173 |   208 |       |       |       |       |       ||   393
         Chain mail        |       |       |       |    96 |    19 |       |       |       |       ||   115
         Crystal plate arm |       |       |       |       |   877 |       |       |       |       ||   877
         Gold dragon scale |       |       |       |       |    49 |   642 |   877 |   839 |   729 ||  3136
  Dodge: Dodged            |    45 |    17 |    75 |   170 |   351 |   281 |   382 |   396 |   363 ||  2080
  Block: Buckler           |    15 |    38 |   183 |   306 |       |       |       |       |       ||   542
         Reflection        |       |       |    10 |    15 |    39 |   277 |   167 |    56 |    78 ||   642
         Kite shield       |       |       |       |   165 |   792 |       |       |       |       ||   957
         Other             |       |       |       |       |   140 |       |       |       |       ||   140
         Tower shield      |       |       |       |       |   500 |  2478 |  2726 |  2916 |  2059 || 10679
